 Dungeon Crawl Stone Soup version 0.24-a0-203-gf0bc1e9 (webtiles) character file.

Game seed: 16570524398851519871

117333 tilp the Severer (level 16, -1/162 HPs)
             Began as a Minotaur Berserker on Mar 27, 2019.
             Was a High Priest of Trog.
             Killed from afar by a shock serpent (21 damage)
             ... with a bolt of electricity
             ... on level 2 of the Snake Pit.
             The game lasted 01:29:52 (24187 turns).

tilp the Severer (Minotaur Berserker)              Turns: 24187, Time: 01:29:53

Health: -1/162     AC: 29    Str: 37    XL:     16   Next: 23%
Magic:  18/21      EV: 13    Int:  4    God:    Trog [*****.]
Gold:   1977       SH:  0    Dex: 13    Spells: 15/15 levels left

rFire    . . .     SeeInvis .   a - +7 battleaxe (freeze)
rCold    + . .     Gourm    .   (shield currently unavailable)
rNeg     . . .     Faith    .   g - +4 plate armour {rF+}
rPois    +         Spirit   .   (helmet restricted)
rElec    .         Reflect  .   f - +2 cloak {rPois}
rCorr    .         Harm     .   R - +1 pair of gloves {Dex+3}
MR       ++++.                  y - +1 pair of boots "Hungut" {rF- rC+ Str+8 Slay+4}
Stlth    ..........             S - amulet of regeneration
HPRegen  1.77/turn              k - +5 ring of evasion
MPRegen  0.17/turn              s - ring of protection from magic

@: lethally poisoned (-1 -> -1), regenerating, constricted
A: retaliatory headbutt, horns 2
a: Berserk, Trog's Hand, Brothers in Arms, Renounce Religion


You were on level 2 of the Snake Pit.
You worshipped Trog.
Trog was extremely pleased with you.
You were near starving.

You visited 4 branches of the dungeon, and saw 25 of its levels.
You also visited: Gauntlet, Ice Cave and Volcano.

You collected 2937 gold pieces.
You spent 960 gold pieces at shops.

Inventory:

Hand Weapons
 a - a +7 battleaxe of freezing (weapon)
 b - the +5 broad axe of Eternal Night {flame, *Noise +Rage Str+2 SInv}
   (You bought it in a shop on level 2 of the Orcish Mines)

   It has been specially enchanted to burn those struck by it, causing extra
   injury to most foes and up to half again as much damage against particularly
   susceptible opponents.
   Big, fiery blades are also staple armaments of hydra-hunters.
   It affects your strength (+2).
   It lets you see invisible.
   It lets you go berserk.
   It may make noises in combat.
 N - a +1 executioner's axe of draining
Missiles
 n - 15 javelins (quivered)
 P - 8 javelins of penetration
 T - a throwing net
Armour
 f - a +2 cloak of poison resistance (worn)
 g - a +4 plate armour of fire resistance (worn)
 o - a +2 cloak of fire resistance
 y - the +1 pair of boots "Hungut" (worn) {rF- rC+ Str+8 Slay+4}
   (You acquired it on level 6 of the Lair of Beasts)

   It affects your strength (+8).
   It affects your accuracy and damage with ranged weapons and melee attacks
   (+4).
   It makes you vulnerable to fire.
   It protects you from cold.
 Q - a +0 shield of reflection
 R - a +1 pair of gloves of dexterity (worn)
Jewellery
 k - a +5 ring of evasion (left hand)
 r - a +3 ring of dexterity
 s - a ring of protection from magic (right hand)
 t - an uncursed ring of magical power {unknown}
 z - an uncursed ring of protection from cold
 B - an uncursed ring of resist corrosion
 L - an uncursed ring of fire
 S - an amulet of regeneration (around neck)
Wands
 j - a wand of acid (35)
 A - a wand of iceblast (9)
 C - a wand of flame (26)
 F - a wand of polymorph (23)
 I - a wand of paralysis (16)
 K - a wand of digging (11)
 V - a wand of scattershot (7)
Scrolls
 i - a scroll of identify
 m - 6 scrolls of remove curse
 u - a scroll of magic mapping
 D - 4 scrolls of fear
 G - 13 scrolls of teleportation
Potions
 d - 2 potions of agility
 e - a potion of ambrosia
 l - 16 potions of curing
 q - a potion of brilliance
 x - 3 potions of lignification
 E - 2 potions of might
 H - 2 potions of cancellation
 J - 2 potions of flight
 U - 2 potions of haste
 W - 3 potions of mutation
 X - a potion of resistance
Miscellaneous
 p - a fan of gales
 v - a phial of floods
 Y - a lamp of fire
 Z - a box of beasts
Comestibles
 c - 32 rations


   Skills:
 - Level 20.0 Fighting
 - Level 20.0 Axes
 - Level 4.0 Throwing
 + Level 13.9 Armour
 - Level 4.0 Dodging
 - Level 8.0 Evocations


You had 15 spell levels left.
You didn't know any spells.
Your spell library was empty.

Dungeon Overview and Level Annotations

Branches:
Dungeon (15/15)            Temple (0/1) D:6            Lair (6/6) D:8
 Shoals (0/4) Lair:3        Snake (2/4) Lair:4        Slime (0/5) Lair:5
    Orc (2/2) D:11            Elf (0/3) Orc:2        Vaults (0/5) D:14
 Depths (0/5) D:15

Altars:
Cheibriados
Dithmenos
Fedhas
Wu Jian
Yredelemnul
Beogh

Shops:
D:10 [?[!   D:13 *   Orc:1 *   Orc:2 [*:(


Innate Abilities, Weirdness & Mutations

You reflexively headbutt those who attack you in melee.
You have a pair of horns on your head.


Message History

The naga sharpshooter hits you but does no damage.
The naga warrior hits you from afar with a +0 halberd!
* * * LOW HITPOINT WARNING * * *
The shock serpent closely misses you.
You hit the nagaraja but do no damage. Your headbutt misses the nagaraja.
You slash the shock serpent! You freeze the shock serpent.
You slash the shock serpent!
The shock serpent seems to slow down.
You freeze the shock serpent.
The shock serpent's electric aura discharges, shocking you!
* * * LOW HITPOINT WARNING * * *
You feel sick.
The nagaraja hits you but does no damage.
The nagaraja constricts you.
The naga sharpshooter mumbles some strange words.
The naga sharpshooter magically shoots an arrow.
The arrow hits you.
* * * LOW HITPOINT WARNING * * *
The shock serpent shoots out a bolt of lightning at you!
The bolt of electricity hits you!!
You die...

.# #........# .. .#
#####.#### #..<..... .#
#..# #........ .# ##.#
#........ .# #.#
#........ .#
#.######........ .#
#.>(((##........ .######
#####(..)N...... ......##
##.@SN...# .......###
#.NSN...#
.........####....ยงยง..)#
............(.#..#....#
.....[...######.##....#
.........# #.# .....#
.........# ..# ...#.#
.......<.# #.. .....#
.........#


You could see a naga warrior, a nagaraja, 2 naga sharpshooters and 2 shock
serpents.

Vanquished Creatures
  Frances (D:12)
  A nagaraja (Snake:2)
  A frost giant (IceCv)
  A stone giant (Orc:2)
  Azrael (D:12)
  3 ettins
  A minotaur (Gauntlet)
  A fire dragon (D:15)
  Erolcha (Orc:2)
  Fannar (Orc:1)
  3 hydras
  An ice dragon (D:15)
  3 naga warriors (Snake:1)
  6 anacondas (Snake:1)
  A centaur warrior (D:15)
  3 two-headed ogres
  2 death yaks (Lair:6)
  3 hell hogs
  A death knight (D:14)
  A tengu warrior (D:15)
  A sun demon (D:15)
  An orc high priest (Orc:1)
  2 shock serpents (Snake:1)
  Nergalle (D:11)
  The ghost of Ratty the Arsonist, a novice DEFE of Vehumet (Lair:1)
  4 skeletal warriors (D:14)
  A deep troll (D:14)
  2 unseen horrors
  An orc knight (D:11)
  A wolf spider (D:15)
  A deep elf mage (D:14)
  A wolf spider zombie (D:15)
  5 mana vipers
  An oklob plant (Lair:6)
  9 ugly things
  A manticore (Lair:6)
  14 cyclopes
  A salamander (Volcano)
  An elephant (shapeshifter) (Gauntlet)
  An orc sorcerer (Orc:2)
  A guardian serpent (Snake:1)
  A guardian serpent (shapeshifter) (Gauntlet)
  4 naga magi (Snake:1)
  5 centaur zombies
  12 black mambas
  An ice statue (IceCv)
  An elephant (Lair:6)
  A gargoyle (D:14)
  2 torpor snails (Lair:6)
  3 kobold demonologists
  5 spiny frogs
  5 komodo dragons
  A rime drake (Lair:4)
  2 freezing wraiths
  2 efreet (D:14)
  3 ice devils
  7 trolls
  9 polar bears
  8 hornets
  3 meliai (D:15)
  2 hornets (shapeshifter)
  A snapping turtle (shapeshifter) (Gauntlet)
  10 blink frogs
  7 hippogriffs
  10 slime creatures
  3 dream sheep (Lair:6)
  A meliai zombie (D:14)
  19 spriggans
  3 shadows
  A spriggan (shapeshifter) (D:13)
  A wraith (D:12)
  62 yaks
  4 fire bats
  3 wyverns
  2 basilisks
  Grum (Lair:1)
  2 hungry ghosts
  4 vampire mosquitoes (D:15)
  3 fire elementals (D:12)
  3 wargs
  20 nagas
  7 hell hounds
  8 porcupines
  11 water moccasins
  24 orc warriors
  7 black bears
  5 sky beasts
  A black bear (shapeshifter) (Gauntlet)
  2 phantoms
  3 eyes of draining
  2 ice beasts
  7 ogres
  66 wolves
  3 boggarts (Lair:6)
  17 centaurs
  13 crocodiles
  5 big kobolds
  18 bullfrogs
  5 scorpions
  21 crimson imps
  A bullfrog zombie (D:13)
  5 jellies
  3 quasits
  A bullfrog skeleton (D:11)
  7 hounds
  3 centaur skeletons
  20 orc priests
  Ijyb (D:5)
  4 iguanas
  12 worker ants
  20 orc wizards
  A killer bee zombie (D:5)
  4 hound zombies
  A hound skeleton (D:11)
  A worker ant zombie (D:5)
  5 gnolls
  A howler monkey skeleton (D:4)
  7 adders
  4 shadow imps
  4 white imps (D:15)
  An ooze (D:2)
  An adder zombie (D:8)
  2 dart slugs (D:1)
  4 leopard geckos
  86 orcs
  4 giant cockroaches
  9 goblins
  12 hobgoblins
  12 jackals
  6 quokkas
  4 ball pythons
  7 bats
  3 frilled lizards
  26 kobolds
  A quokka skeleton (D:6)
  8 rats
  4 fungi
  3 plants
847 creatures vanquished.

Vanquished Creatures (collateral kills)
  A dire elephant (Lair:6)
  An ettin (Orc:2)
  3 hydras
  A spiny frog (Lair:5)
  6 polar bears (IceCv)
  A spriggan (Lair:1)
  A yak (IceCv)
  A basilisk (Lair:6)
  An acid dragon (D:11)
  2 orc wizards (D:11)
  A bullfrog skeleton (D:11)
  An adder (D:11)
  7 orcs
27 creatures vanquished.

Vanquished Creatures (others)
  A yak (IceCv)
  An orc wizard (Orc:1)
  An orc (D:12)
  12 fungi
  8 plants
23 creatures vanquished.

Grand Total: 897 creatures vanquished

Notes
Turn   | Place    | Note
-------+----------+-------------------------------------------
     0 | D:1      | tilp the Minotaur Berserker began the quest for the Orb.
     0 | D:1      | Reached XP level 1. HP: 19/19 MP: 0/0
    94 | D:1      | Reached XP level 2. HP: 9/26 MP: 1/1
   495 | D:1      | Reached skill level 5 in Axes
   530 | D:1      | Reached ** piety under Trog
   574 | D:1      | Reached XP level 3. HP: 16/31 MP: 2/2
  1265 | D:2      | Reached XP level 4. HP: 39/39 MP: 3/3
  1769 | D:3      | Found a faded altar of an unknown god.
  1877 | D:3      | Reached *** piety under Trog
  1901 | D:3      | Reached XP level 5. HP: 44/45 MP: 4/4
  2410 | D:3      | Found a shadowy altar of Dithmenos.
  2512 | D:4      | Reached XP level 6. HP: 51/51 MP: 5/5
  2722 | D:4      | Reached XP level 7. HP: 57/57 MP: 6/6
  2813 | D:4      | Reached skill level 10 in Axes
  3464 | D:5      | Entered Level 5 of the Dungeon
  3464 | D:5      | Noticed Ijyb
  3472 | D:5      | Killed Ijyb
  3723 | D:5      | Reached XP level 8. HP: 64/64 MP: 7/7
  3785 | D:5      | Reached **** piety under Trog
  4557 | D:6      | Found a staircase to the Ecumenical Temple.
  4759 | D:6      | Found an ornate altar of the Wu Jian Council.
  4759 | D:6      | Found a basalt altar of Yredelemnul.
  4861 | D:6      | Found a blossoming altar of Fedhas.
  5372 | D:7      | Reached XP level 9. HP: 66/70 MP: 8/8
  5787 | D:7      | Got a crude scale mail
  5888 | D:7      | Identified the +2 scale mail "Amaesseiqe" {rElec Str+2}
                  | (You found it on level 7 of the Dungeon)
  5963 | D:8      | Found a staircase to the Lair.
  6055 | D:8      | Killed an unseen horror
  6055 | D:8      | Reached skill level 15 in Axes
  6930 | D:9      | Reached XP level 10. HP: 77/77 MP: 2/9
  7125 | D:9      | Reached ***** piety under Trog
  7296 | D:10     | Entered Level 10 of the Dungeon
  7373 | D:10     | Found Cerro's Distillery.
  7816 | D:10     | Found Xaasos's Antique Armour Shop.
  8218 | D:10     | Found Xygosef's Antique Armour Shoppe.
  8427 | D:10     | Found Zilaom's Magic Scroll Emporium.
  8580 | D:10     | Bought a glowing shield for 240 gold pieces
  8580 | D:10     | Bought a pair of runed gloves for 240 gold pieces
  8767 | D:10     | Bought a scroll of identify for 28 gold pieces
  8767 | D:10     | Bought a scroll of identify for 28 gold pieces
  8767 | D:10     | Bought a scroll of identify for 28 gold pieces
  8964 | D:11     | Killed an unseen horror
  9077 | D:11     | Reached skill level 1 in Evocations
  9080 | D:11     | Noticed a two-headed ogre
  9087 | D:11     | Noticed a two-headed ogre
  9094 | D:11     | Reached skill level 5 in Fighting
  9098 | D:11     | Killed a two-headed ogre
  9098 | D:11     | Reached XP level 11. HP: 88/88 MP: 10/12
  9106 | D:11     | Killed a two-headed ogre
  9342 | D:11     | Noticed a seven-headed hydra
  9347 | D:11     | Killed a seven-headed hydra
  9475 | D:11     | Noticed Nergalle
  9480 | D:11     | Killed Nergalle
  9617 | D:11     | Received a gift from Trog
  9624 | D:11     | Reached skill level 5 in Evocations
  9985 | D:11     | Found a roughly hewn altar of Beogh.
  9985 | D:11     | Found a staircase to the Orcish Mines.
 10010 | D:11     | Noticed an orc knight
 10020 | D:11     | Killed an orc knight
 10382 | Lair:1   | Entered Level 1 of the Lair of Beasts
 10559 | Lair:1   | Noticed Grum
 10569 | Lair:1   | Killed Grum
 10783 | Lair:1   | Reached XP level 12. HP: 100/101 MP: 15/15
 10831 | Lair:1   | You fall through a shaft!
 10997 | Lair:1   | Found a runed translucent door.
 11169 | Lair:1   | Noticed Ratty's ghost (novice DEFE)
 11169 | Lair:1   | Identified the +3 trident of Judgement {pierce, Dex+4 SInv}
 11223 | Lair:1   | Killed Ratty's ghost
 11770 | Lair:3   | Found a staircase to the Shoals.
 12465 | Lair:4   | Reached skill level 5 in Armour
 12574 | Lair:4   | Reached skill level 1 in Throwing
 12639 | Lair:4   | Found a frozen archway.
 12663 | IceCv    | Entered an ice cave
 12921 | IceCv    | Reached XP level 13. HP: 102/107 MP: 17/17
 13117 | IceCv    | Received a gift from Trog
 13192 | IceCv    | Noticed a frost giant
 13207 | IceCv    | Killed a frost giant
 13588 | Lair:4   | Reached skill level 10 in Fighting
 13735 | Lair:4   | Found a staircase to the Snake Pit.
 14472 | Lair:5   | Found a staircase to the Slime Pits.
 14818 | Lair:6   | Entered Level 6 of the Lair of Beasts
 14828 | Lair:6   | Found a gate leading to a gauntlet.
 14870 | Gauntlet | Entered a Gauntlet
 14870 | Gauntlet | Found a transporter.
 14879 | Gauntlet | Found a transporter.
 14891 | Gauntlet | Found a transporter.
 14895 | Gauntlet | Found a transporter.
 14907 | Gauntlet | Found a transporter.
 14962 | Gauntlet | Found a transporter.
 14975 | Gauntlet | Found a transporter.
 14975 | Gauntlet | Noticed a cacodemon
 14977 | Gauntlet | Found a transporter.
 14978 | Gauntlet | Found a transporter.
 14981 | Gauntlet | Found a transporter.
 14986 | Gauntlet | Found a transporter.
 14999 | Gauntlet | Noticed a cacodemon
 15036 | Gauntlet | Found a transporter.
 15116 | Gauntlet | Got a scorched platinum ring
 15123 | Gauntlet | Got a pair of ancient boots
 15124 | Gauntlet | Identified the +0 pair of boots of Loss {rElec MR- Str+3
                  | Int+4} (You found it in a Gauntlet)
 15549 | Gauntlet | Identified the ring of Past Mistakes {rC- Str+4 Dex+3
                  | Stlth-}
 15549 | Gauntlet | Noticed a minotaur
 15556 | Gauntlet | Killed a minotaur
 15822 | Lair:6   | Found a shadowy altar of Dithmenos.
 15889 | Lair:6   | Reached skill level 10 in Armour
 16199 | Lair:6   | Reached XP level 14. HP: 127/127 MP: 19/19
 16208 | Lair:6   | Identified the ring "Qeuhon" {-Tele rN+ Str+2 Dex+3} (You
                  | found it in a Gauntlet)
 16544 | Lair:6   | Received a gift from Trog
 16779 | Lair:6   | Identified a scroll of acquirement
 16780 | Lair:6   | Got a pair of slimy boots
 17076 | Orc:1    | Entered Level 1 of the Orcish Mines
 17264 | Orc:1    | Found Rotzafil's Mayhem Merchandise.
 17265 | Orc:1    | Noticed Fannar
 17271 | Orc:1    | Killed Fannar
 17271 | Orc:1    | Reached skill level 15 in Fighting
 17865 | Orc:2    | Entered Level 2 of the Orcish Mines
 17993 | Orc:2    | Received a gift from Trog
 18032 | Orc:2    | Found a dark tunnel.
 18067 | Volcano  | Entered a volcano
 18686 | Orc:2    | Found Xomefe's Antique Weapon Emporium.
 18710 | Orc:2    | Bought a crystal broad axe for 252 gold pieces
 18789 | Orc:2    | Paralysed by an orc sorcerer for 7 turns
 18793 | Orc:2    | Noticed a stone giant
 18960 | Orc:2    | Killed a stone giant
 19111 | Orc:2    | Found Loamung's General Store.
 19308 | Orc:2    | Bought a scroll of teleportation for 48 gold pieces
 19308 | Orc:2    | Bought a scroll of identify for 32 gold pieces
 19308 | Orc:2    | Bought a potion of might for 64 gold pieces
 19371 | Orc:2    | Identified the +5 broad axe of Eternal Night {flame, *Noise
                  | +Rage Str+2 SInv} (You bought it in a shop on level 2 of
                  | the Orcish Mines)
 19484 | Orc:2    | Found a staircase to the Elven Halls.
 19499 | Orc:2    | Noticed Erolcha
 19506 | Orc:2    | Killed Erolcha
 19506 | Orc:2    | Received a gift from Trog
 19553 | Orc:2    | Found Saigungasm's Antique Armour Boutique.
 19693 | Orc:2    | Found Uhiaf's Book Boutique.
 20187 | D:12     | Noticed Frances
 20197 | D:12     | Killed Frances
 20315 | D:12     | Reached XP level 15. HP: 145/145 MP: 20/20
 20449 | D:12     | Noticed Azrael
 20459 | D:12     | Killed Azrael
 20693 | D:13     | Found Juus's Demolitions Depot.
 20830 | D:13     | Identified the +1 pair of boots "Hungut" {rF- rC+ Str+8
                  | Slay+4} (You acquired it on level 6 of the Lair of Beasts)
 20969 | D:13     | Found a snail-covered altar of Cheibriados.
 21512 | D:14     | Received a gift from Trog
 21922 | D:14     | Found a gate to the Vaults.
 22120 | D:15     | Entered Level 15 of the Dungeon
 22337 | D:15     | Received a gift from Trog
 22540 | D:15     | Received a gift from Trog
 22651 | D:15     | Found a staircase to the Depths.
 23041 | Snake:1  | Entered Level 1 of the Snake Pit
 23524 | Snake:1  | Reached XP level 16. HP: 82/162 MP: 21/21
 24187 | Snake:2  | Killed from afar by a shock serpent

Levels and vault maps discovered:
D:1:      dpeg_arrival_signposts, layout_rooms
D:2:      layout_basic, chequers_mini_garden, st_stairs_10, minmay_tetromino_t4
D:3:      layout_basic, marbit_many_paths, chequers_ecumenical_altar_island,
          serial_rivers, chequers_serial_rivers_micro_b,
          chequers_serial_rivers_micro_c, chequers_serial_rivers_small_b,
          chequers_serial_rivers_micro_b, chequers_serial_rivers_small_b
D:4:      layout_basic, first_ration
D:5:      layout_basic, uniq_ijyb
D:6:      layout_gridville, gammafunk_temple_overflow_statue, fedhas_altar_4,
          minmay_temple_entry_large_hall
D:7:      layout_loops_cross, the_bakery, minmay_nine_imps
D:8:      layout_loops_ring, lair_entry_dummy
D:9:      layout_long_grid
D:10:     layout_gridville, serial_shops, shop, shop, nicolae_shop_stone,
          st_stairs_14, eino_curves_03, kennysheep_windowed_goal
D:11:     minmay_opposing_rooms, layout_loops_ring, david_orc_5, uniq_nergalle
D:12:     layout_rooms, uniq_frances, uniq_azrael
D:13:     layout_stronghold, basic_altar, nicolae_blasting_shop
D:14:     wander_river, layout_irregular_city, david_vaults_4,
          minmay_staircase_windowed_small, minivault_24
D:15:     grunt_enter_depths_hoard, layout_cross, minmay_fire_ice_demons
Lair:1:   layout_regular_city, ebering_ghost_funeral_grove,
          minmay_lair_oklob_items, serial_bayou_crossing, uniq_grum
Lair:2:   layout_cave_shapes
Lair:3:   layout_gridlike, minmay_shoals_entry_centaurs
Lair:4:   layout_long_grid, guppyfry_snake_entry_garden,
          portal_ice_cave_demonic_guard, st_stairs_11,
          grunt_forest_large_clearings
Lair:5:   layout_big_grid, minmay_slime_entry_pillars
Lair:6:   minmay_lair_end_enchanted_forest, layout_gridlike,
          gauntlet_entry_generic, basic_altar, minmay_shattered_shrine,
          infiniplex_staircase_pool_2, lemuel_fruit_tree
Snake:1:  layout_onion_interference, serial_bayou_shore_b, grunt_megastairs_2
Snake:2:  layout_rooms, basic_altar
Orc:1:    layout_diamond_mine, nicolae_orc_damp_corner, minmay_shop_mayhem,
          uniq_fannar
Orc:2:    grunt_orc_gardens, layout_caves, grunt_orc_garden, grunt_orc_garden,
          grunt_orc_garden, grunt_orc_garden, enter_volcano_3, uniq_erolcha
IceCv:    ice_cave_caverns_02
Volcano:  volcano_village
Gauntlet: minmay_gauntlet_mixed_oops_all_seconds
          [minmay_gauntlet_arena_77_two_lines,
          gammafunk_gauntlet_arena_split_diamond,
          minmay_gauntlet_arena_77_radiant_squares,
          gammafunk_gauntlet_arena_chambers, minmay_gauntlet_arena_77_museum,
          gammafunk_gauntlet_arena_teeth, gauntlet_exit_watery]

Skill      XL: |  1  2  3  4  5  6  7  8  9 10 11 12 13 14 15 16 |
---------------+-------------------------------------------------+-----
Axes           | 4 5 6 8 9 11 13 16 18 19 20 | 20.0
Fighting       | 5 8 12 16 20 | 20.0
Evocations     | 3 6 7 8 |  8.0
Armour         | 8 10 12 13 | 13.9
Dodging        | 4 |  4.0
Throwing       | 3 4 |  4.0

Action                   |  1- 3 |  4- 6 |  7- 9 | 10-12 | 13-15 | 16-18 || total
-------------------------+-------+-------+-------+-------+-------+-------++-------
Melee: Hand axe          |   100 |   136 |    63 |       |       |       ||   299
       Headbutt          |    12 |    20 |    64 |   100 |   215 |    17 ||   428
       War axe           |       |       |   208 |       |       |       ||   208
       Broad axe         |       |       |     9 |   189 |    50 |       ||   248
       Battleaxe         |       |       |       |   269 |   729 |    77 ||  1075
Throw: Stone             |     2 |     3 |       |       |       |       ||     5
Invok: Berserk           |     3 |     3 |     7 |     6 |     6 |       ||    25
       Trog's Hand       |       |       |     5 |    11 |     9 |     2 ||    27
       Brothers in Arms  |       |       |       |     2 |     8 |     1 ||    11
Evoke: Wand              |       |       |     5 |       |     2 |       ||     7
       Lamp of fire      |       |       |       |       |     1 |       ||     1
       Box of beasts     |       |       |       |       |     1 |       ||     1
       Phial of floods   |       |       |       |       |     1 |       ||     1
  Use: Scroll            |     2 |     6 |     9 |     7 |    19 |       ||    43
       Potion            |       |       |       |     3 |     2 |     1 ||     6
 Stab: Paralysed         |       |       |       |       |     1 |       ||     1
  Eat: Chunk             |     4 |     7 |    15 |    29 |    37 |     2 ||    94
       Ration            |       |       |     3 |       |     2 |       ||     5
Armor: Animal skin       |    10 |       |       |       |       |       ||    10
       Plate armour      |    46 |    86 |   103 |       |   167 |    46 ||   448
       Scale mail        |       |       |    30 |   139 |   113 |       ||   282
Dodge: Dodged            |    59 |    38 |   112 |   286 |   434 |    60 ||   989
Block: Shield            |       |       |       |       |    19 |       ||    19
       Reflection        |       |       |       |       |     1 |       ||     1

Table legend:
 A = Non-vault XP
 B = Vault XP
 C = Vault XP percentage of total XP
 D = Non-vault monster count
 E = Vault monster count
 F = Vault count percentage of total count
                 A         B        C        D         E       F
            +---------+---------+-------+---------+---------+-------
      Total |   97690 |   69929 |  41.7 |     587 |     281 |  32.4
            +---------+---------+-------+---------+---------+-------
        D:1 |      55 |       0 |   0.0 |      29 |       0 |   0.0
        D:2 |      54 |      24 |  30.8 |      23 |       6 |  20.7
        D:3 |     100 |       2 |   2.0 |      18 |       1 |   5.3
        D:4 |     775 |       0 |   0.0 |      21 |       0 |   0.0
        D:5 |     690 |      39 |   5.3 |      23 |       1 |   4.2
        D:6 |     557 |       0 |   0.0 |      21 |       0 |   0.0
        D:7 |     805 |     623 |  43.6 |      19 |      10 |  34.5
        D:8 |    1553 |       0 |   0.0 |      15 |       0 |   0.0
        D:9 |    1184 |       0 |   0.0 |      19 |       0 |   0.0
       D:10 |    1867 |     164 |   8.1 |      22 |       3 |  12.0
       D:11 |    6424 |    3097 |  32.5 |      37 |      35 |  48.6
       D:12 |    3277 |    4386 |  57.2 |      21 |       7 |  25.0
       D:13 |    4628 |       0 |   0.0 |      20 |       0 |   0.0
       D:14 |   14133 |    2209 |  13.5 |      48 |       3 |   5.9
       D:15 |   11658 |    3466 |  22.9 |      36 |      12 |  25.0
     Lair:1 |    4128 |    2684 |  39.4 |      21 |      10 |  32.3
     Lair:2 |    2392 |       0 |   0.0 |      14 |       0 |   0.0
     Lair:3 |    1578 |     563 |  26.3 |       9 |       5 |  35.7
     Lair:4 |    4967 |    5209 |  51.2 |      21 |      32 |  60.4
     Lair:5 |    3155 |     381 |  10.8 |      12 |       4 |  25.0
     Lair:6 |    5557 |   14974 |  72.9 |      17 |      59 |  77.6
    Snake:1 |   17270 |    2482 |  12.6 |      37 |       4 |   9.8
    Snake:2 |    5474 |       0 |   0.0 |      10 |       0 |   0.0
      Orc:1 |    2760 |    1017 |  26.9 |      43 |       1 |   2.3
      Orc:2 |    2649 |    9839 |  78.8 |      31 |      15 |  32.6
      IceCv |       0 |   11169 | 100.0 |       0 |      53 | 100.0
    Volcano |       0 |    3409 | 100.0 |       0 |       9 | 100.0
   Gauntlet |       0 |    4192 | 100.0 |       0 |      11 | 100.0
            +---------+---------+-------+---------+---------+-------
